Map: Одиссея РВ

Players

ИИ 1 (новичок)

  • Race: Terran Terran
  • Spawn Location: 5:00

Doll - Winner!

  • Race: Zerg Zerg
  • Spawn Location: 11:00

VOD

Have the link to the VOD?

Description

Time

  • Played on: April 19, 2021, 12:20 p.m.
  • Length: 11:55
Show
View Real Time Build Order
Export as new Build Order

ИИ 1 (новичок) Terran 

Build Orders: Reaper Expand 

Get SALT Encoding   

  12  0:00  SCV  
  13  0:13  SCV  
  14  0:19  Supply Depot  
  14  0:46  Barracks  
  14  1:07  Command Center  
  14  1:33  Marine  
  14  1:34  Supply Depot, Orbital Command  
  14  1:38  Refinery  
  15  1:49  Refinery  
  15  2:00  SCV  
  16  2:12  SCV  
  17  2:18  Reaper  
  18  2:24  SCV  
  18  2:25  SCV  
  20  2:36  SCV  
  21  2:40  SCV  
  22  2:48  SCV  
  23  2:54  SCV  
  24  2:59  Marine  
  24  3:01  SCV  
  26  3:09  Refinery, SCV  
  27  3:16  SCV  
  27  3:17  Factory  
  28  3:40  Refinery, Marine  
  29  3:42  SCV  
  30  3:50  SCV  
  31  3:57  SCV  
  31  4:00  Supply Depot  
  32  4:04  SCV  
  32  4:05  Starport  
  33  4:11  SCV  
  34  4:18  SCV  
  34  4:22  Reaper  
  36  4:26  SCV  
  37  4:33  SCV  
  38  4:40  SCV  
  38  4:41  Starport Tech Lab  
  38  4:43  Supply Depot  
  39  4:47  SCV  
  40  4:54  SCV  
  41  5:01  SCV  
  41  5:02  Raven  
  41  5:03  Marine  
  45  5:09  SCV  
  46  5:16  SCV  
  47  5:23  SCV  
  48  5:45  Marine, Raven  
  51  6:04  Barracks Tech Lab  
  51  6:27  Marauder  
  53  10:50  Medivac, Factory Tech Lab  
  53  10:52  Supply Depot  
  55  11:08  Marine  
  49  11:27  Marine  
  47  11:36  SCV  
Show
View Real Time Build Order
Export as new Build Order

Doll Zerg - Winner!

Build Orders: Hatch First, Zergling Baneling 

Get SALT Encoding   

  12  0:01  Drone  
  13  0:13  Overlord  
  13  0:16  Drone  
  14  0:32  Drone x2  
  16  0:37  Drone  
  17  0:55  Hatchery  
  16  1:01  Drone x2  
  18  1:08  Drone  
  18  1:10  Extractor  
  18  1:21  Spawning Pool  
  18  1:22  Drone  
  18  1:27  Extractor  
  18  1:29  Drone  
  19  1:40  Drone  
  19  1:50  Drone  
  21  2:01  Drone  
  21  2:08  Queen  
  23  2:09  Queen  
  23  2:10  Zergling x2  
  23  2:13  Zergling x2  
  27  2:19  Overlord  
  28  2:22  Drone  
  28  2:36  Baneling Nest  
  27  2:37  Overlord  
  27  2:40  Zergling x2  
  28  2:52  Drone  
  28  2:53  Drone  
  28  2:56  Drone  
  28  2:58  Spine Crawler  
  30  3:01  Zergling x2  
  30  3:05  Zergling x2  
  32  3:08  Zergling x2  
  33  3:17  Lair  
  33  3:20  Drone  
  33  3:23  Baneling  
  33  3:24  Baneling  
  33  3:25  Baneling  
  34  3:27  Baneling  
  34  3:28  Baneling  
  34  3:30  Baneling  
  34  3:32  Baneling  
  34  3:33  Baneling  
  34  3:39  Zergling x2  
  34  3:40  Zergling x2  
  36  3:42  Zergling x2  
  36  3:45  Zergling x2  
  36  3:48  Zergling x2  
  39  3:50  Zergling x2  
  39  3:54  Zergling x2  
  41  3:59  Metabolic Boost  
  41  4:06  Overlord  
  41  4:09  Drone  
  42  4:11  Drone  
  43  4:17  Drone  
  44  4:25  Drone, Infestation Pit  
  44  4:26  Drone  
  44  4:29  Drone  
  46  4:32  Drone  
  46  4:35  Drone  
  46  4:37  Drone  
  49  4:40  Drone  
  49  4:43  Drone  
  51  4:48  Overlord  
  51  4:56  Overlord  
  51  4:58  Drone  
  52  5:03  Hive  
  52  5:13  Spire  
  51  5:16  Drone  
  51  5:17  Drone x2  
  51  5:18  Drone  
  51  5:21  Drone  
  56  5:22  Drone  
  56  5:25  Extractor  
  56  5:28  Drone x2  
  57  5:29  Drone  
  57  5:34  Queen  
  61  5:38  Overlord  
  61  5:40  Drone  
  62  5:50  Extractor, Infestor  
  62  5:51  Infestor  
  62  5:52  Infestor  
  62  5:54  Overlord  
  67  5:57  Drone  
  67  6:03  Drone  
  69  6:06  Drone  
  70  6:20  Drone  
  70  6:21  Drone x2  
  70  6:23  Hatchery  
  70  6:24  Drone  
  73  6:26  Greater Spire  
  73  6:29  Pneumatized Carapace  
  73  6:31  Overseer  
  73  6:32  Overseer  
  73  6:35  Drone x3  
  73  6:37  Queen  
  78  6:44  Corruptor  
  78  6:46  Corruptor  
  80  6:49  Drone  
  80  6:50  Drone  
  80  6:52  Overlord  
  84  6:55  Overlord  
  84  7:06  Roach Warren  
  83  7:09  Drone, Hydralisk Den  
  83  7:10  Drone  
  83  7:11  Drone x3  
  87  7:16  Corruptor  
  87  7:20  Corruptor  
  91  7:37  Brood Lord  
  91  7:39  Zergling x4  
  91  7:40  Zergling x4  
  91  7:41  Zergling x6  
  91  7:42  Extractor  
  91  7:44  Overlord  
  99  7:45  Extractor  
  99  7:50  Brood Lord  
  100  7:56  Brood Lord  
  102  8:02  Drone x2  
  102  8:03  Drone x2, Overlord  
  106  8:09  Brood Lord  
  108  8:14  Drone x2  
  108  8:15  Drone x2, Overlord  
  108  8:19  Corruptor  
  112  8:22  Corruptor  
  112  8:24  Drone  
  112  8:25  Queen  
  119  8:27  Queen  
  119  8:30  Overlord  
  119  8:33  Drone  
  122  8:34  Glial Reconstitution  
  122  8:38  Centrifical Hooks  
  122  8:42  Corruptor  
  124  8:52  Brood Lord  
  126  8:57  Zergling x10  
  126  8:58  Zergling x4  
  126  9:01  Overlord  
  126  9:02  Overlord  
  133  9:06  Brood Lord  
  133  9:09  Drone  
  136  9:10  Drone x2  
  136  9:13  Overlord  
  138  9:20  Brood Lord  
  138  9:23  Hydralisk x2  
  138  9:24  Hydralisk x2  
  144  9:26  Hydralisk  
  144  9:29  Hydralisk  
  152  9:32  Hydralisk  
  152  9:34  Hydralisk  
  152  9:37  Hydralisk  
  158  9:40  Hydralisk  
  158  9:44  Overlord  
  160  9:46  Overlord  
  160  9:47  Hydralisk  
  162  9:53  Evolution Chamber  
  162  9:56  Evolution Chamber, Overlord  
  162  9:58  Evolution Chamber  
  159  10:02  Hydralisk  
  159  10:03  Hydralisk x2  
  159  10:04  Hydralisk  
  159  10:06  Hydralisk  
  169  10:09  Hydralisk  
  169  10:11  Hydralisk  
  173  10:14  Hydralisk  
  173  10:18  Hydralisk  
  173  10:19  Hydralisk  
  179  10:21  Hydralisk  
  179  10:24  Hydralisk  
  179  10:27  Hydralisk  
  185  10:29  Overlord  
Tags
 
Add a new tag
Caveats
  • Supply blocks, unpowered buildings, or Contaminate may cause inaccurate times.
  • Supply counts are checked every 10 seconds.